 Dungeon Crawl Stone Soup version 0.30-a0-1006-g5d778dfbfc (webtiles) character file.

Game seed: 6184583182712049769

727 Arcadio the Covert (level 7, -2/55 HPs)
             Began as a Vampire Brigand on Apr 5, 2023.
             Succumbed to a gnoll sergeant's poison
             ... on level 4 of the Dungeon.
             The game lasted 00:15:38 (3845 turns).

Arcadio the Covert (Vampire Brigand)                Turns: 3845, Time: 00:15:39

Health: -2/55      AC:  4    Str: 10    XL:     7   Next: 44%
Magic:  7/7        EV: 12    Int: 14    God:
Gold:   299        SH:  0    Dex: 17    Spells: 6/6 levels left

rFire   . . .      SeeInvis +    a - +4 dagger
rCold   + . .      Faith    .    (no shield)
rNeg    . . .      Spirit   .    b - +0 robe
rPois   .          Reflect  .    f - +0 helmet
rElec   .          Rampage  .    c - +0 cloak
rCorr   .                        (no gloves)
Will    .....                    (no boots)
Stlth   ++++                     (no amulet)
HPRegen 0.49/turn                p - ring of protection from cold
MPRegen 0.10/turn                w - ring of wizardry

@: lethally poisoned (-2 -> -23), healing quickly
A: alive, fangs 3, see invisible, vampiric 2
a: Exsanguinate


You were on level 4 of the Dungeon.
You visited 1 branch of the dungeon, and saw 6 of its levels.

You collected 299 gold pieces.

Inventory:

Hand Weapons
 a - a +4 dagger (weapon)
 u - a +0 rapier of draining
Missiles
 d - 16 poisoned darts (quivered)
 e - 3 curare-tipped darts
Armour
 b - a +0 robe (worn)
 c - a +0 cloak (worn)
 f - a +0 helmet (worn)
 m - a +2 hat
 q - a +0 buckler
Jewellery
 p - a ring of protection from cold (left hand)
 w - a ring of wizardry (right hand)
Scrolls
 h - 2 scrolls of vulnerability
 l - 2 scrolls of teleportation
 n - a scroll of amnesia
 t - a scroll of summoning
 A - a scroll of brand weapon {unknown}
 B - a scroll of fog {unknown}
Potions
 k - a potion of flight


   Skills:
 + Level 4.5 Fighting
 + Level 5.5 Short Blades
 - Level 1.5 Throwing
 + Level 1.7 Dodging
 + Level 9.4 Stealth


You had 6 spell levels left.
You didn't know any spells.
Your spell library contained the following spells:

 Spells                   Type           Power      Damage    Failure   Level
 Kiss of Death            Conj/Necr      0%         2d5       12%         1
 Magic Dart               Conj           0%         1d3       12%         1
 Slow                     Hex            0%         N/A       12%         1
 Searing Ray              Conj           0%         2d4       17%         2
 Confusing Touch          Hex            0%         N/A       32%         3
 Dazzling Flash           Conj/Hex       0%         N/A       32%         3
 Vampiric Draining        Necr           0%         2d6       32%         3
 Dispel Undead            Necr           0%         3d6       71%         4
 Fulminant Prism          Conj/Hex       0%         3d5       71%         4
 Agony                    Necr           0%         N/A       95%         5
 Silence                  Hex/Air        0%         N/A       95%         5
 Summon Forest            Summ/Tloc      0%         N/A       95%         5
 Summon Mana Viper        Hex/Summ       0%         N/A       95%         5
 Summon Cactus Giant      Summ           0%         N/A       100%        6


Dungeon Overview and Level Annotations

Branches:
Dungeon (6/15) Zot: 25007
 Temple: D:4-7

Altars:
Cheibriados
Gozag
Nemelex Xobeh
Yredelemnul

Annotations:
D:3 1 runed translucent door, Crazy Yiuf
D:4 Pikel


Innate Abilities, Weirdness & Mutations

Your natural rate of healing is accelerated.
You have razor-sharp teeth.
You have supernaturally acute eyesight. (SInv)
You are afflicted with vampirism and can become a bat while bloodless.


Message History

You start resting.
HP restored.
You climb downwards.
There is a stone staircase leading up, spattered with blood here.
Throw: 18 darts (poison)
Press: ? - help, Q - select action, (/) - cycle Shift-Dir - straight line, f - gnoll sergeant
Aim: a gnoll sergeant, wielding a +5 trident of venom and wearing a +0 scale mail (69% to hit)
You throw a poisoned dart.
The poisoned dart closely misses the gnoll sergeant.
The gnoll shouts!
Throw: 17 darts (poison)
Press: ? - help, Q - select action, (/) - cycle Shift-Dir - straight line, f/p - gnoll sergeant
Aim: a gnoll sergeant, wielding a +5 trident of venom and wearing a +0 scale mail (69% to hit)
You throw a poisoned dart.
The poisoned dart hits the gnoll sergeant.
The gnoll sergeant is poisoned.
The gnoll barely misses you.
The gnoll sergeant hits you from afar with a +5 trident of venom!!
You are poisoned.
You feel extremely sick.
The gnoll sergeant hits you from afar with a +5 trident of venom!
* * * LOW HITPOINT WARNING * * *
You are more poisoned.
The gnoll barely misses you.
You climb upwards.
Level annotation: Pikel
* * * LOW HITPOINT WARNING * * *
You feel extremely sick.
There is a stone staircase leading down, spattered with blood here.
There is a lethal amount of poison in your body!
There is a lethal amount of poison in your body!
There is a lethal amount of poison in your body!
There is a lethal amount of poison in your body!
Okay, then.
Okay, then.
As you read the scroll labelled LEOVVI KUROU, it crumbles to dust.
Your body is wracked with pain!
* * * LOW HITPOINT WARNING * * *
It was a scroll of torment.
You die...

#.#..........#'###### ###
#.####..............########'##
#.#..#..............'..........
#.#..#..............#######...#
#.#..#.......#......# #...#
#.#.##.#####.#......# ##'##
#.#....# #.#......# #.##
#.#.########.#))....########.##
#............#@.....).........#
#####.##########)#########...####
#...............)............####
###.#........)<#..#....##........
#.#......)...#..#....##.....###
###.#.########.#.......##.....###
#<..#.# #.#.......##.###'#..
#####.# #.#.......##.##..... #.#
#.#.......##.##.....


There were no monsters in sight!

Vanquished Creatures
  Grinder (D:3)
  3 lemures (D:4)
  A scorpion (D:5)
  A howler monkey (D:4)
  An orc priest (D:5)
  A hound (D:3)
  A jelly (D:4)
  A gnoll bouda (D:4)
  2 orc wizards (D:5)
  11 gnolls
  3 adders
  An ufetubus (D:4)
  A dart slug (D:1)
  10 orcs
  7 ball pythons
  5 endoplasms
  2 giant cockroaches
  6 goblins
  7 hobgoblins
  14 jackals
  16 kobolds
  5 quokkas
  7 bats
  4 frilled lizards
  5 rats
116 creatures vanquished.

Vanquished Creatures (others)
  A goblin (D:4)
  A plant (D:3)
2 creatures vanquished.

Grand Total: 118 creatures vanquished

Notes
Turn   | Place    | Note
-------+----------+-------------------------------------------
     0 | D:1      | Arcadio the Vampire Brigand began the quest for the Orb.
     0 | D:1      | Reached XP level 1. HP: 16/16 MP: 1/1
    32 | D:1      | Reached skill level 6 in Stealth
    78 | D:1      | Reached XP level 2. HP: 18/22 MP: 2/2
   325 | D:1      | Gained mutation: You are afflicted with vampirism and can
                  | become a bat while bloodless. [Vampire growth]
   325 | D:1      | Reached XP level 3. HP: 28/28 MP: 3/3
  1126 | D:2      | Reached XP level 4. HP: 34/34 MP: 4/4
  1355 | D:3      | Found a runed translucent door.
  1356 | D:3      | Noticed Crazy Yiuf
  1496 | D:3      | Found an opulent altar of Gozag.
  1549 | D:3      | Found a snail-covered altar of Cheibriados.
  1555 | D:3      | Reached skill level 7 in Stealth
  1660 | D:3      | Noticed Grinder
  1663 | D:3      | Paralysed by Grinder for 3 turns
  1670 | D:3      | Killed Grinder
  1671 | D:3      | Reached skill level 8 in Stealth
  1671 | D:3      | Reached XP level 5. HP: 21/42 MP: 5/5
  1671 | D:3      | Reached XP level 6. HP: 24/48 MP: 6/6
  1739 | D:3      | You fall into a shaft and drop 3 floors!
  1775 | D:5      | Entered Level 5 of the Dungeon
  1894 | D:5      | Noticed Pikel
  1984 | D:4      | HP: 2/48 [orc/+0 flail (4)]
  2226 | D:4      | Reached skill level 5 in Short Blades
  2525 | D:3      | Reached XP level 7. HP: 21/54 MP: 7/7
  2696 | D:4      | Reached skill level 9 in Stealth
  2829 | D:4      | Found a basalt altar of Yredelemnul.
  2837 | D:4      | Noticed an angel
  2888 | D:4      | Found a sparkling altar of Nemelex Xobeh.
  3845 | D:4      | Succumbed to a gnoll sergeant's poison

Illustrated notes

Levels and vault maps discovered:
D:1:      scummos_arrival_checkerplants, layout_rooms
D:2:      layout_basic, minmay_diced_spiral
D:3:      layout_rooms, cheibriados_altar_1, grunt_gozag_breadcrumbs,
          shapermc_ecumenical_altar_acropolis, uniq_crazy_yiuf_cottage,
          uniq_grinder
D:4:      layout_basic, grunt_temple_overflow_holy_war,
          nemelex_dance_club_becter
D:5:      layout_rooms, mainiacjoe_overflow_paths, makhleb_altar_promises_db,
          nzn_wu_jian_contemplation, cheibrodos_sewer_entry_sluice, uniq_pikel
D:6:      layout_cave_pools, gammafunk_temple_overflow_statue, uniq_sigmund

Skill      XL: |  1  2  3  4  5  6  7 |
---------------+----------------------+-----
Stealth        | 6 8 9 |  9.4
Fighting       | 2 3 4 |  4.5
Short Blades   | 3 4 5 |  5.5
Throwing       | |  1.5
Dodging        | |  1.7

Action                     |  1- 3 |  4- 6 |  7- 9 || total
---------------------------+-------+-------+-------++-------
  Melee: Dagger            |   200 |   175 |   138 ||   513
         Punch             |     1 |     2 |       ||     3
         Bite              |    11 |    15 |    19 ||    45
  Throw: Dart              |       |       |     2 ||     2
    Use: Scroll            |     2 |     5 |     3 ||    10
         Potion            |       |     7 |     2 ||     9
   Stab: Sleeping          |     8 |     8 |     2 ||    18
 Armour: Robe              |    49 |    33 |    12 ||    94
         Skin              |       |   159 |       ||   159
  Dodge: Dodged            |   114 |   127 |    85 ||   326

Table legend: (Time is in decaauts)
 A = Elapsed time spent in this place.
 B = Non-inter-level travel time spent in this place.
 C = Inter-level travel time spent in this place.
 D = Time resting spent in this place.
 E = Time spent auto-exploring this place.
 F = Levels seen in this place.
 G = Mean time per level.
                   A        B        C        D        E       F      G
               +--------+--------+--------+--------+--------+-----+--------+
         Total |   3750 |   3691 |     59 |    642 |   1722 |   6 |  625.0 |
       Dungeon |   3750 |   3691 |     59 |    642 |   1722 |   6 |  625.0 |
               +--------+--------+--------+--------+--------+-----+--------+

Top non-repeatable levels by time:
     D:4: 1436 daAuts
     D:3: 800 daAuts
     D:2: 601 daAuts
     D:1: 571 daAuts
     D:5: 305 daAuts
     D:6: 35 daAuts
